 Dungeon Crawl Stone Soup version 0.30.1-3-gfc49f6343a (webtiles) character file.

Game seed: 6861330122617517854

365 sampeng1 the Trooper (level 7, -1/75 (82) HPs)
             Began as a Human Berserker on July 30, 2023.
             Was a Believer of Trog.
             Slain by a wight
             ... wielding a +0 scimitar
              (6 damage)
             ... on level 4 of the Dungeon.
             The game lasted 00:08:18 (3042 turns).

sampeng1 the Trooper (Human Berserker)              Turns: 3042, Time: 00:08:18

HP:   -1/75 (82)    AC:  9    Str: 19    XL:     7   Next: 0%
MP:   7/7           EV: 11    Int:  8    God:    Trog [**....]
Gold: 171           SH:  0    Dex: 12    Spells: 6/6 levels left

rFire   . . .        a - +1 hand axe
rCold   . . .        (no shield)
rNeg    . . .        g - +0 scale mail
rPois   .            m - +1 helmet
rElec   .            (no cloak)
rCorr   .            (no gloves)
SInv    .            (no boots)
Will    .....        (no amulet) Stlth
                     (no ring)
HPRegen 0.32/turn    (no ring)
MPRegen 0.10/turn

%: no passive effects
@: berserking, drained, very quick
A: no striking features
a: Renounce Religion, Berserk, Trog's Hand


You were on level 4 of the Dungeon.
You worshipped Trog.
Trog was pleased with you.
You visited 1 branch of the dungeon, and saw 4 of its levels.

You collected 171 gold pieces.

Inventory:

Hand Weapons
 a - a +1 hand axe (weapon)
 h - a +0 scythe
Missiles
 n - 11 poisoned darts (quivered)
Armour
 g - a +0 scale mail (worn)
 m - a +1 helmet (worn)
Scrolls
 j - a scroll of teleportation {unknown}
 k - a scroll of noise {unknown}
 o - a scroll of poison {unknown}
Potions
 b - a potion of flight
 c - a potion of invisibility {unknown}
 d - 2 potions of curing
 e - a potion of berserk rage {unknown}
 f - a potion of brilliance
 i - 2 potions of heal wounds
 l - 2 potions of attraction
 p - a potion of degeneration {unknown}


   Skills:
 + Level 4.4 Fighting
 + Level 4.4 Axes
 + Level 3.7 Armour
 + Level 3.7 Dodging


You had 6 spell levels left.
You didn't know any spells.
Your spell library was empty.

Dungeon Overview and Level Annotations

Branches:
Dungeon (4/15)
 Temple: D:4-7

Altars:
Dithmenos
Gozag
Hepliaklqana
Ru

Shops:
D:4 =


Message History

The orc hits you but does no damage.
You closely miss the orc. You hit the wight but do no damage.
You barely miss the wight.
The wight hits you from afar with a +3 trident.
The wight hits you with a +0 scimitar.
You feel drained. The wight barely misses you.
The orc hits you but does no damage.
You closely miss the orc. You closely miss the wight. You hit the wight.
The orc hits you with a +0 club. The wight closely misses you.
The wight hits you from afar with a +3 trident.
The wight hits you with a +2 flail of draining.
You feel drained. x2
A red film seems to cover your vision as you go berserk!
You feel yourself moving faster!
You feel mighty! The wight misses you. The wight hits you with a +0 scimitar!
* * * LOW HITPOINT WARNING * * *
The wight hits you with a +2 flail of draining.
* * * LOW HITPOINT WARNING * * *
You feel drained.
* * * LOW HITPOINT WARNING * * *
The orc barely misses you.
You barely miss the wight. You hit the wight. You hit the orc.
The wight hits you but does no damage. x2; The wight barely misses you.
The orc hits you but does no damage.
You closely miss the wight. You slash the orc!
You kill the orc!
Trog accepts your kill.
You hit the wight. You barely miss the wight.
The wight hits you with a +3 trident.
* * * LOW HITPOINT WARNING * * *
The wight hits you with a +0 scimitar.
* * * LOW HITPOINT WARNING * * *
The wight closely misses you.
Items here: )) [[.
You slash the wight!
The wight is almost destroyed.
You hit the wight. You barely miss the wight. You closely miss the wight.
The wight closely misses you. The wight hits you with a +3 trident!
* * * LOW HITPOINT WARNING * * *
The wight hits you with a +0 scimitar.
You die...

.#####....##
#.###.# ...
#.#### #....
#....#
#.##....###.###
#. #>.>##.....#
# #
#...##.....##.#
#........zz...#
...#.##...z@####
##### #....z#
........#
###).....
#.....# #.....#
#...### ....


You could see 4 wights.

Vanquished Creatures
  Sigmund (D:2)
  Jessica (D:2)
  An iguana (D:4)
  An orc wizard (D:4)
  Robin (D:3)
  3 gnolls (D:2)
  2 adders (D:4)
  A worm (D:2)
  2 dart slugs
  An orc (D:4)
  6 bats
  9 endoplasms
  4 giant cockroaches
  13 goblins
  5 hobgoblins
  2 jackals (D:2)
  2 quokkas
  7 ball pythons
  A frilled lizard (D:1)
  4 kobolds
  2 rats (D:2)
69 creatures vanquished.

Notes
Turn   | Place    | Note
-------+----------+-------------------------------------------
     0 | D:1      | sampeng1 the Human Berserker began the quest for the Orb.
     0 | D:1      | Reached XP level 1. HP: 18/18 MP: 1/1
   123 | D:1      | Reached XP level 2. HP: 24/24 MP: 2/2
   304 | D:1      | Found a faded altar of an unknown god.
   469 | D:1      | Reached XP level 3. HP: 28/29 MP: 3/3
  1099 | D:2      | Reached XP level 4. HP: 23/35 MP: 4/4
  1235 | D:2      | Noticed Sigmund
  1244 | D:2      | Killed Sigmund
  1245 | D:2      | Reached XP level 5. HP: 42/42 MP: 5/5
  1245 | D:2      | Reached XP level 6. HP: 48/48 MP: 6/6
  1393 | D:2      | Noticed Jessica
  1416 | D:2      | Killed Jessica
  1937 | D:2      | Reached ** piety under Trog
  2389 | D:3      | Noticed Robin
  2407 | D:3      | Killed Robin
  2516 | D:3      | Found an opulent altar of Gozag.
  2745 | D:4      | Found a sacrificial altar of Ru.
  2792 | D:4      | Found a hazy altar of Hepliaklqana.
  2925 | D:4      | Found Xioteress's Jewellery Shoppe.
  3007 | D:4      | Found a shadowy altar of Dithmenos.
  3031 | D:4      | Reached XP level 7. HP: 55/55 MP: 7/7
  3042 | D:4      | Slain by a wight

Illustrated notes

Levels and vault maps discovered:
D:1:      dpeg_arrival_leaves_temple_mockup, layout_basic,
          ebering_ecumenical_altar_abandoned
D:2:      layout_loops_corners, uniq_jessica, uniq_sigmund
D:3:      layout_rooms, grunt_gozag_statues, uniq_robin
D:4:      layout_loops_ring, nicolae_overflow_squiral, grunt_dithmenos_smoke,
          serial_shops, shop, shop

Skill      XL: |  1  2  3  4 |
---------------+-------------+-----
Fighting       | 4 |  4.4
Axes           | 4 |  4.4
Armour         | 3 |  3.7
Dodging        | 3 |  3.7

Action                     |  1- 3 |  4- 6 |  7- 9 || total
---------------------------+-------+-------+-------++-------
  Melee: Hand axe          |    66 |    97 |    10 ||   173
         Halberd           |       |    20 |       ||    20
         Punch             |       |     2 |       ||     2
 Invoke: Berserk           |       |     2 |     1 ||     3
    Use: Scroll            |     4 |     2 |       ||     6
   Stab: Sleeping          |     1 |       |       ||     1
 Armour: Animal skin       |     7 |       |       ||     7
         Scale mail        |    25 |    42 |     8 ||    75
  Dodge: Dodged            |    60 |    74 |    15 ||   149
